 Dungeon Crawl Stone Soup version 0.20.0-10-g0535bb4 (webtiles) character file.

5161 Inarius the Thaumaturge (level 10, -3/73 HPs)
             Began as a Purple Draconian Air Elementalist on June 5, 2017.
             Was a Believer of Vehumet.
             Slain by Urug
             ... wielding a +2 vampiric demon trident
              (19 damage)
             ... on level 10 of the Dungeon.
             The game lasted 00:54:20 (13965 turns).

Inarius the Thaumaturge (DrAE)                     Turns: 13965, Time: 00:54:20

Health: -3/73      AC:  9    Str: 10    XL:     10   Next: 33%
Magic:  1/22       EV: 15    Int: 26    God:    Vehumet [**....]
Gold:   433        SH:  5    Dex: 12    Spells: 10/25 levels left

rFire    . . .     SeeInvis .   I - +0 long sword (freeze)
rCold    + . .     Gourm    .   e - +0 buckler
rNeg     . . .     Faith    .   (armour unavailable)
rPois    .         Spirit   .   (helmet restricted)
rElec    .         Reflect  .   z - +1 cloak
rCorr    .         Harm     .   (no gloves)
MR       +....                  (no boots)
Stlth    ++........             s - amulet of rage
Regen    0.3/turn               q - +2 ring of intelligence
MPRegen  0.2/turn               F - ring of protection from cold

@: brilliant
A: breathe power, unfitting armour, cold-blooded, AC +7
a: Breathe Dispelling Energy, Renounce Religion, Evoke Berserk Rage


You were on level 10 of the Dungeon.
You worshipped Vehumet.
Vehumet was pleased with you.
You were hungry.

You visited 2 branches of the dungeon, and saw 11 of its levels.

You collected 433 gold pieces.

Inventory:

Hand Weapons
 H - a +0 mace of holy wrath
 I - a +0 long sword of freezing (weapon)
Armour
 e - a +0 buckler (worn)
 z - a +1 cloak (worn)
Jewellery
 c - an uncursed ring of resist corrosion
 n - an uncursed ring of protection from fire
 q - a +2 ring of intelligence (left hand)
 s - an amulet of rage (around neck)
 y - an uncursed ring of positive energy
 F - a ring of protection from cold (right hand)
Wands
 A - a wand of enslavement (13/24)
 D - a wand of lightning (8/15)
 G - a wand of lightning (10/15)
Scrolls
 i - 7 scrolls of remove curse
 k - 4 scrolls of immolation
 r - 2 scrolls of fear
 v - 3 scrolls of recharging
 B - a scroll of blinking {unknown}
 E - a scroll of noise {unknown}
Potions
 g - a potion of degeneration {unknown}
 h - 2 potions of lignification {unknown}
 j - 4 potions of berserk rage {unknown}
 l - a potion of heal wounds {unknown}
 o - 2 potions of invisibility {unknown}
 p - 2 potions of brilliance
 t - 4 potions of curing
 u - 2 potions of ambrosia {unknown}
 w - 2 potions of flight {unknown}
 x - a potion of mutation {unknown}
Books
 a - a book of Air

   Spells                             Type                      Level
   a - Shock                          Conjuration/Air              1
   b - Swiftness                      Charms/Air                   2
   c - Static Discharge               Conjuration/Air              3
   d - Airstrike                      Air                          4
   e - Lightning Bolt                 Conjuration/Air              5
Comestibles
 b - 5 bread rations
 d - 7 fruits
 f - 6 meat rations
 m - 5 royal jellies


   Skills:
 + Level 2.1 Fighting
 * Level 5.8 Dodging
 - Level 1.7 Stealth
 - Level 4.0 Shields
 + Level 8.0 Spellcasting
 * Level 7.8 Conjurations
 + Level 0.4 Charms
 + Level 7.1 Air Magic
 * Level 5.3 Evocations


You had 10 spell levels left.
You knew the following spells:

 Your Spells              Type           Power        Failure   Level  Hunger
a - Shock                 Conj/Air       ####         1%          1    None
b - Swiftness             Chrm/Air       #####...     1%          2    None
c - Static Discharge      Conj/Air       ######..     1%          3    None
d - Airstrike             Air            ######....   1%          4    ##.....
e - Lightning Bolt        Conj/Air       ######....   1%          5    ####...


Dungeon Overview and Level Annotations

Branches:
Dungeon (10/15)            Temple (1/1) D:6             Orc (0/2) D:9
   Lair: D:8-11

Altars:
Dithmenos
Elyvilon
Kikubaaqudgha
Nemelex Xobeh
Ru
Sif Muna
Trog
Uskayaw
Vehumet
Xom
Yredelemnul
Zin

Shops:
D:5 (   D:9 (

Annotations:
D:8 Gastronok
D:10 Urug


Innate Abilities, Weirdness & Mutations

You can breathe bolts of dispelling energy.
Your rich purple scales are hard. (AC +7)
You cannot fit into any form of body armour.
You are cold-blooded and may be slowed by cold attacks.


Message History

Urug draws strength from your wounds!
Casting: Static Discharge
Confirm with . or Enter, or press ? or * to list all spells.
Aiming: Shock
Press: ? - help, Shift-Dir - straight line, f - Urug
Aim: Urug, wielding a vampiric demon trident and wearing a runed scale mail (severely wounded)
The zap hits Urug.
Urug is severely wounded.
Urug misses you.
You hit Urug. You freeze Urug.
Urug is almost dead.
Urug hits you with a vampiric demon trident!
Urug draws strength from your wounds!
Urug hits you from afar with a vampiric demon trident!
* * * LOW HITPOINT WARNING * * *
Urug draws strength from your wounds!
There is a stone staircase leading up, spattered with blood here.
Urug screams, "Bird-brain!"
Urug hits you from afar with a vampiric demon trident!!
You die...

### ...
..# #.#
####.##
#.....
#..#o#
#..#
##@#
#.##
...
##..
#.. #..
#.. #..


You could see Urug.

Vanquished Creatures
  A two-headed ogre (D:9)
  A hippogriff (D:7)
  Sigmund (D:4)
  2 orc warriors
  2 ice beasts (D:9)
  A hornet zombie (D:6)
  A phantom (D:4)
  A sky beast (D:9)
  A necrophage (D:6)
  A black bear (D:8)
  7 ogres
  3 centaurs
  2 big kobolds (D:8)
  9 bullfrogs
  2 scorpions
  5 killer bees (D:9)
  A howler monkey (D:6)
  5 jellies
  An electric eel (D:6)
  2 crimson imps
  7 hounds
  2 orc priests (D:5)
  2 centaur skeletons
  9 orc wizards
  A bullfrog skeleton (D:5)
  3 iguanas
  4 worker ants
  2 hound zombies
  A worker ant zombie (D:6)
  7 gnolls
  10 adders
  3 shadow imps (D:7)
  An ooze (D:2)
  2 adder skeletons
  An adder zombie (D:9)
  3 worms
  2 dart slugs (D:1)
  6 leopard geckos
  40 orcs
  5 giant cockroaches
  11 goblins
  9 hobgoblins
  14 jackals
  8 quokkas
  2 ball pythons (D:2)
  A ball python skeleton (D:4)
  14 bats
  8 frilled lizards
  A jackal skeleton (D:4)
  17 kobolds
  A leopard gecko skeleton (D:5)
  A quokka skeleton (D:5)
  9 rats
256 creatures vanquished.

Notes
Turn   | Place    | Note
-------+----------+-------------------------------------------
     0 | D:1      | Inarius the Draconian Air Elementalist began the quest for the Orb.
     0 | D:1      | Reached XP level 1. HP: 14/14 MP: 3/3
   290 | D:1      | Reached XP level 2. HP: 20/20 MP: 1/5
   337 | D:1      | Learned a level 2 spell: Swiftness
  1166 | D:2      | Reached XP level 3. HP: 26/26 MP: 3/6
  1341 | D:2      | Reached skill level 1 in Shields
  1709 | D:2      | Reached XP level 4. HP: 20/33 MP: 0/7
  2405 | D:2      | Learned a level 3 spell: Static Discharge
  2419 | D:2      | Found a hide-covered altar of Uskayaw.
  2424 | D:2      | Noticed a dagger
  2426 | D:2      | Noticed a hand axe
  2961 | D:2      | Reached XP level 5. HP: 29/38 MP: 1/9
  3689 | D:3      | Reached skill level 3 in Spellcasting
  4173 | D:3      | Reached XP level 6. HP: 45/45 MP: 4/10
  4300 | D:3      | Learned a level 4 spell: Airstrike
  5382 | D:4      | Found a sacrificial altar of Ru.
  5425 | D:4      | Your scales start taking on a rich purple colour.
  5425 | D:4      | Reached skill level 4 in Spellcasting
  5425 | D:4      | Reached XP level 7. HP: 50/51 MP: 7/13
  5637 | D:4      | Reached skill level 1 in Fighting
  5826 | D:4      | Noticed Sigmund
  5861 | D:4      | Killed Sigmund
  6406 | D:4      | Reached skill level 5 in Spellcasting
  6593 | D:5      | Entered Level 5 of the Dungeon
  6610 | D:5      | Found Nubri's Weapon Shoppe.
  6667 | D:5      | Reached XP level 8. HP: 13/59 MP: 0/15
  7319 | D:5      | Reached skill level 5 in Conjurations
  7775 | D:6      | Reached skill level 1 in Evocations
  7913 | D:6      | Reached skill level 5 in Air Magic
  8425 | D:6      | Found a staircase to the Ecumenical Temple.
  8434 | Temple   | Entered the Ecumenical Temple
  8458 | Temple   | Became a worshipper of Vehumet
  8564 | D:6      | Reached skill level 6 in Spellcasting
  9155 | D:7      | Noticed a hippogriff
  9168 | D:7      | Killed a hippogriff
  9168 | D:7      | Reached XP level 9. HP: 67/67 MP: 0/18
  9950 | D:7      | Learned a level 5 spell: Lightning Bolt
 10225 | D:7      | Found a deep blue altar of Sif Muna.
 10372 | D:8      | Reached * piety under Vehumet
 10372 | D:8      | Offered knowledge of Magic Dart by Vehumet.
 10505 | D:8      | Reached skill level 5 in Dodging
 10678 | D:8      | Reached skill level 7 in Spellcasting
 10794 | D:8      | Found a shadowy altar of Dithmenos.
 10836 | D:8      | Noticed Gastronok
 11093 | D:8      | Found a shadowy altar of Dithmenos.
 11477 | D:8      | Found a sparkling altar of Nemelex Xobeh.
 11490 | D:8      | You fall through a shaft!
 11940 | D:9      | Found Rerot's Weapon Shoppe.
 11971 | D:9      | Found a staircase to the Orcish Mines.
 12192 | D:9      | Reached XP level 10. HP: 73/73 MP: 13/21
 12905 | D:8      | Offered knowledge of Sandblast by Vehumet.
 12910 | D:8      | Reached ** piety under Vehumet
 12910 | D:8      | Reached skill level 5 in Evocations
 13375 | D:9      | Noticed a two-headed ogre
 13637 | D:9      | Killed a two-headed ogre
 13637 | D:9      | Reached skill level 8 in Spellcasting
 13953 | D:10     | Entered Level 10 of the Dungeon
 13953 | D:10     | Noticed Urug
 13965 | D:10     | Slain by Urug

Skill      XL: |  1  2  3  4  5  6  7  8  9 10 |
---------------+-------------------------------+-----
Dodging        | 2 3 4 5 |  5.8
Shields        | 1 2 3 4 |  4.0
Conjurations   | 2 3 4 6 7 |  7.8
Spellcasting   | 3 4 5 6 7 8 |  8.0
Air Magic      | 4 5 6 7 |  7.1
Fighting       | 1 2 |  2.1
Evocations     | 3 4 5 |  5.3
Stealth        | |  1.7
Charms         | |  0.4

Action                   |  1- 3 |  4- 6 |  7- 9 | 10-12 || total
-------------------------+-------+-------+-------+-------++-------
Melee: Unarmed           |    10 |       |       |       ||    10
       Tailslap          |     2 |     5 |     7 |     2 ||    16
       Dagger            |    25 |    67 |    48 |       ||   140
       Long sword        |       |       |    23 |     2 ||    25
 Cast: Shock             |    80 |   175 |   293 |    65 ||   613
       Static Discharge  |       |     5 |    46 |    24 ||    75
       Swiftness         |       |     1 |       |     5 ||     6
       Airstrike         |       |     3 |    18 |     1 ||    22
       Lightning Bolt    |       |       |       |     3 ||     3
 Abil: Breathe Dispellin |       |       |     3 |       ||     3
  Use: Scroll            |       |     2 |     7 |     1 ||    10
       Potion            |       |       |       |     1 ||     1
 Stab: Sleeping          |       |       |     1 |       ||     1
  Eat: Chunk             |     4 |    12 |    18 |     1 ||    35
       Fruit             |       |     1 |     2 |       ||     3
       Bread ration      |       |       |     1 |     1 ||     2
Armor: Skin              |    16 |    27 |    66 |    11 ||   120
Dodge: Dodged            |    36 |    59 |   122 |    30 ||   247
Block: Buckler           |       |       |    45 |     2 ||    47
       Rpst.: Long sword |       |       |    14 |     7 ||    21
